Map: King's Cove LE

Players

MOMO

  • Race: Terran Terran
  • League: Silver
  • Spawn Location: 11:00

llllllllllll - Winner!

  • Race: Terran Terran
  • League: Silver
  • Spawn Location: 5:00

VOD

Have the link to the VOD?

Description

Time

  • Played on: April 24, 2025, 10:07 a.m.
  • Length: 3:09
Show
View Real Time Build Order
Export as new Build Order

MOMO Terran 

Build Orders:  

Get SALT Encoding   

  12  0:00  SCV  
  13  0:12  SCV  
  14  0:20  Supply Depot  
  14  0:24  SCV  
  15  0:41  SCV  
  16  0:44  Barracks  
  16  0:54  SCV, Refinery  
  17  1:06  SCV  
  17  1:26  SCV  
  18  1:33  Supply Depot  
  18  1:38  SCV, Refinery  
  19  1:44  Barracks Tech Lab  
  19  1:50  SCV  
  20  2:02  SCV  
  20  2:06  Command Center  
  21  2:09  Concussive Shells  
  21  2:17  Orbital Command  
  21  2:26  Marauder  
  19  2:47  Marauder  
  18  3:04  Barracks  
Show
View Real Time Build Order
Export as new Build Order

llllllllllll Terran - Winner!

Build Orders:  

Get SALT Encoding   

  12  0:00  SCV  
  13  0:12  SCV  
  14  0:19  Supply Depot  
  14  0:24  SCV  
  15  0:31  Refinery  
  15  0:46  Barracks  
  15  1:02  Barracks  
  15  1:21  Barracks  
  15  1:33  Reaper  
  15  1:36  Refinery  
  16  1:49  Reaper  
  18  2:08  Reaper  
  18  2:09  Reaper  
  19  2:21  Reaper  
  19  2:22  Orbital Command  
  22  2:55  SCV  
Tags
 
Matchup
TvT
Race
Terran
Replay Pack
kreditionep1
Spawn Locations
Cross Positions
Add a new tag
Caveats
  • Supply blocks, unpowered buildings, or Contaminate may cause inaccurate times.
  • Supply counts are checked every 10 seconds.